Map: Dusk Towers

Players

TsundereKing

  • Race: Terran Terran
  • League: Master

Miszu - Winner!

  • Race: Terran Terran
  • League: Master

VOD

Have the link to the VOD?

Description

Time

  • Played on: May 3, 2016, 1:40 p.m.
  • Length: 5:36
Show
View Real Time Build Order
Export as new Build Order

TsundereKing Terran 

Build Orders: 1/1/1 

Get SALT Encoding   

  12  0:01  SCV  
  13  0:13  SCV  
  14  0:18  Supply Depot  
  14  0:25  SCV  
  15  0:39  SCV  
  15  0:40  Barracks  
  16  0:50  Refinery  
  16  0:51  SCV  
  16  0:54  Refinery  
  17  1:03  SCV  
  18  1:15  SCV  
  19  1:27  Supply Depot  
  19  1:28  Marine, Orbital Command  
  20  1:43  Factory  
  20  1:48  Barracks Tech Lab  
  20  1:55  SCV  
  21  2:06  Marine, Stimpack  
  21  2:07  SCV  
  23  2:20  SCV  
  24  2:24  Marine  
  24  2:29  Starport, Factory Tech Lab  
  25  2:33  SCV  
  25  2:36  Supply Depot  
  26  2:42  Marine  
  27  2:45  SCV  
  27  2:48  Siege Tank  
  31  3:00  Marine  
  31  3:01  Supply Depot  
  32  3:06  Medivac  
  34  3:29  Marine, Siege Tank  
  38  3:35  Supply Depot  
  38  3:41  Viking  
  40  3:54  Marine, Barracks  
  40  3:55  Supply Depot, Barracks  
  38  4:24  Viking  
  38  4:25  Siege Tank  
  38  4:29  SCV  
  41  4:41  Marine  
  41  4:42  Marine  
  30  4:58  SCV  
  28  5:03  Viking  
  28  5:04  Marine  
Show
View Real Time Build Order
Export as new Build Order

Miszu Terran - Winner!

Build Orders: 1/1/1, Banshee Rush 

Get SALT Encoding   

  12  0:00  SCV  
  13  0:12  SCV  
  14  0:17  Supply Depot  
  14  0:25  SCV  
  15  0:30  Refinery  
  15  0:39  SCV  
  16  0:44  Barracks  
  16  0:51  SCV  
  16  0:56  Refinery  
  17  1:03  SCV  
  18  1:15  SCV  
  19  1:27  SCV  
  20  1:33  Factory  
  20  1:36  Reaper  
  21  1:40  Orbital Command  
  21  1:48  Supply Depot  
  21  2:06  SCV  
  22  2:08  Reaper  
  23  2:18  Starport, Hellion  
  23  2:21  SCV  
  26  2:26  Supply Depot  
  26  2:33  SCV  
  27  2:39  Hellion  
  27  2:40  Reaper  
  30  2:55  Medivac  
  32  3:01  Hellion  
  35  3:26  SCV  
  36  3:28  Starport Tech Lab  
  36  3:30  Barracks Tech Lab  
  36  3:31  Barracks Reactor, Factory Tech Lab  
  36  3:32  Command Center  
  35  3:37  Supply Depot  
  35  3:39  SCV  
  36  3:46  Banshee  
  39  3:48  Cloaking Field  
  39  3:59  Siege Tank  
  39  4:01  SCV  
  43  4:14  SCV  
  42  4:29  Banshee  
  42  4:30  Marine  
  42  4:31  Marine  
  46  4:35  Supply Depot  
  46  4:38  Supply Depot  
  46  4:44  Siege Tank  
  44  4:48  SCV  
  44  4:49  SCV  
  44  4:50  Marine x2  
  45  5:00  SCV  
  45  5:02  Orbital Command  
  46  5:07  Marine  
  46  5:08  Marine  
  51  5:16  SCV  
Tags
 
Add a new tag
Caveats
  • Supply blocks, unpowered buildings, or Contaminate may cause inaccurate times.
  • Supply counts are checked every 10 seconds.